 Dungeon Crawl Stone Soup version 0.17-a0-1301-ga863c44 (webtiles) character file.

123 Cryogen the Chopper (level 5, -3/45 HPs)
             Began as a Hill Orc Fighter on June 7, 2015.
             Was an Initiate of the Shining One.
             Slain by a phantom (8 damage)
             ... on level 4 of the Dungeon.
             The game lasted 00:09:56 (2404 turns).

Cryogen the Chopper (Hill Orc Fighter)              Turns: 2404, Time: 00:09:56

Health: -3/45      AC:  8    Str: 25    XL:     5   Next: 7%
Magic:  5/5        EV: 10    Int:  8    God:    the Shining One [......]
Gold:   178        SH:  0    Dex: 10    Spells: 0 memorised, 4 levels left

rFire  . . .     SeeInvis .     a - +0 war axe
rCold  . . .     Clarity  .     b - +0 scale mail
rNeg   . . .     SustAt   .     (no shield)
rPois  .         Gourm    .     (no helmet)
rElec  .         Spirit   .     (no cloak)
rCorr  .         Warding  .     k - +0 pair of gloves
rMut   .         Stasis   .     (no boots)
MR     .....                    (no amulet)
Stlth  +.........               (no ring)
                                g - ring of stealth

@: mighty, not resistant to hostile enchantments, very unstealthy
A: no striking features
a: Renounce Religion


You were on level 4 of the Dungeon.
You worshipped the Shining One.
The Shining One was noncommittal.
You were hungry.

You visited 1 branch of the dungeon, and saw 4 of its levels.

You collected 178 gold pieces.

Inventory:

Hand weapons
 a - a +0 war axe (weapon)
Armour
 b - a +0 scale mail (worn)
 k - a +0 pair of gloves (worn)
Jewellery
 g - a ring of stealth (left hand)
 j - an uncursed ring of fire
Scrolls
 c - 6 scrolls of teleportation {unknown}
 f - 5 scrolls of magic mapping {unknown}
 n - a scroll of noise {unknown}
 o - a scroll of recharging {unknown}
Potions
 h - 3 potions of curing
 i - a potion of brilliance {unknown}
 l - a potion of heal wounds {unknown}
Comestibles
 e - 2 bread rations
 m - a meat ration


   Skills:
 - Level 3.6 Fighting
 * Level 5.7 Axes
 + Level 4.3 Armour
   Level 3.2 Shields


You had 4 spell levels left.
You didn't know any spells.

Dungeon Overview and Level Annotations

Branches:
Dungeon (4/15)
 Temple: D:4-7

Altars:
The Shining One


Message History

* * * LOW HITPOINT WARNING * * *
You closely miss the phantom.
The phantom is severely damaged.
The phantom barely misses you.
You closely miss the phantom.
The phantom is heavily damaged.
The phantom hits you.
* * * LOW HITPOINT WARNING * * *
The phantom hits you.
* * * LOW HITPOINT WARNING * * *
You barely miss the phantom.
The phantom is heavily damaged.
The phantom hits you but does no damage.
You miss the phantom.
The phantom is heavily damaged.
The phantom hits you but does no damage.
You hit the phantom.
The phantom is severely damaged.
The phantom hits you!
You die...

+... ##+####...
.#
.....<...##.#
.........#...
.........+..
.$.......#.#
#.......##.####
#.W@'.....#
+...#.....+
#...#'###+#####
###.†..........
#............
+............
#.#
#............
##.##
##........##+
+....
+........#


You could see a phantom.

Vanquished Creatures
  A worker ant (D:4)
  Robin (D:3)
  3 adders (D:2)
  An ooze (D:1)
  A worm (D:4)
  An orc (D:3)
  2 giant cockroaches (D:3)
  15 goblins
  6 hobgoblins
  3 jackals (D:3)
  3 kobolds
  A ball python (D:2)
  7 bats
  3 giant newts
  6 rats
54 creatures vanquished.

Notes
Turn   | Place    | Note
--------------------------------------------------------------
     0 | D:1      | Cryogen the Hill Orc Fighter began the quest for the Orb.
     0 | D:1      | Reached XP level 1. HP: 19/19 MP: 1/1
   142 | D:1      | Reached XP level 2. HP: 21/26 MP: 2/2
   640 | D:2      | Reached XP level 3. HP: 19/31 MP: 3/3
   645 | D:2      | Reached skill level 4 in Axes
   801 | D:2      | Found a glowing golden altar of the Shining One.
   806 | D:2      | Became a worshipper of the Shining One
   948 | D:2      | You fall through a shaft!
  1430 | D:2      | Reached XP level 4. HP: 39/39 MP: 4/4
  1715 | D:3      | Reached skill level 5 in Axes
  1775 | D:3      | Noticed Robin
  1785 | D:3      | Killed Robin
  2352 | D:4      | Reached XP level 5. HP: 33/45 MP: 5/5
  2376 | D:4      | Noticed a phantom
  2404 | D:4      | Slain by a phantom

Vault maps used:
D:1:      dpeg_arrival_pond, minivault_4
D:2:      nicolae_tso_swordbearing_angel
D:3:      kennysheep_generic_room_3, uniq_robin
D:4:      lemuel_crystal_altar, nicolae_ru_awakened_eye, uniq_edmund

Action                   |  1- 3 |  4- 6 || total
-------------------------+-------+-------++-------
Melee: War axe           |    94 |    78 ||   172
  Use: Potion            |       |     2 ||     2
  Eat: Bread ration      |     1 |       ||     1
